 Dungeon Crawl Stone Soup version 0.27-a0-1101-ge311f74bc8 (webtiles) character file.

Game seed: 5114424342617272391

5 siradein the Shield-Bearer (level 1, -1/17 HPs)
             Began as a Vampire Fighter on Apr 28, 2021.
             Slain by a quokka (3 damage)
             ... on level 1 of the Dungeon.
             The game lasted 00:00:32 (49 turns).

siradein the Shield-Bearer (Vampire Fighter)          Turns: 49, Time: 00:00:33

Health: -1/17      AC:  6    Str: 15    XL:     1   Next: 66%
Magic:  1/1        EV:  6    Int: 10    God:
Gold:   0          SH:  8    Dex: 13    Spells: 0/0 levels left

rFire    . . .     SeeInvis +   a - +0 long sword
rCold    . . .     Faith    .   c - +0 kite shield
rNeg     . . .     Spirit   .   b - +0 scale mail
rPois    .         Reflect  .   (no helmet)
rElec    .         Harm     .   (no cloak)
rCorr    .         Rampage  .   (no gloves)
Will     .....                  (no boots)
Stlth    ..........             (no amulet)
HPRegen  0.25/turn              (no ring)
MPRegen  0.07/turn              (no ring)

@: healing quickly
A: alive, fangs 3, see invisible, unbreathing 1, vampiric 1
a: Exsanguinate


You were on level 1 of the Dungeon.
You visited 1 branch of the dungeon, and saw 1 of its levels.

Inventory:

Hand Weapons
 a - a +0 long sword (weapon)
Armour
 b - a +0 scale mail (worn)
 c - a +0 kite shield (worn)
Potions
 d - a potion of might


   Skills:
 - Level 2.6 Fighting
 + Level 2.5 Long Blades
 - Level 2.4 Armour
 - Level 2.6 Shields


You couldn't memorise any spells.
You didn't know any spells.
Your spell library was empty.

Dungeon Overview and Level Annotations

Branches:
Dungeon (1/15)

Altars:


Innate Abilities, Weirdness & Mutations

Your natural rate of healing is accelerated.
You have razor-sharp teeth.
You have supernaturally acute eyesight. (SInv)
You can survive without breathing.
You are afflicted with vampirism.


Message History

The quokka bites you but does no damage.
You block the jackal's attack. The quokka bites you.
You block the jackal's attack. The jackal bites you.
You block the quokka's attack.
You see here a jackal corpse.
You block the jackal's attack.
You slash the jackal!
You kill the jackal!
You block the quokka's attack. You block the jackal's attack.
The quokka bites you but does no damage.
The jackal completely misses you. You block the quokka's attack.
You closely miss the quokka.
The jackal bites you but does no damage.
The quokka bites you.
You closely miss the quokka. Your bite misses the quokka.
The jackal barely misses you.
You riposte.
You closely miss the jackal.
The jackal is lightly wounded.
You block the quokka's attack. The jackal bites you.
* * * LOW HITPOINT WARNING * * *
The quokka bites you.
* * * LOW HITPOINT WARNING * * *
The jackal bites you but does no damage.
The quokka closely misses you.
You riposte.
You hit the quokka. Your bite misses the quokka.
The quokka is heavily wounded.
You barely miss the quokka.
The quokka is heavily wounded.
The quokka bites you.
* * * LOW HITPOINT WARNING * * *
The quokka barely misses you.
You closely miss the quokka.
The quokka is heavily wounded.
The quokka bites you.
* * * LOW HITPOINT WARNING * * *
The quokka completely misses you.
You closely miss the quokka.
The quokka is heavily wounded.
The quokka bites you.
You die...

....###..)...######
.....##.†......... ##
.##....###........#
#.
........##........#
##.
........##........#
#.. #.....#........#
#.. #h....########
#..## #r##..# #..<###
###@.##.#
#.....####....##...
##............##....
#............##......
##....##....###......
##........## ......
###....### ######


You could see a quokka and a jackal.

Vanquished Creatures
  An endoplasm (D:1)
  A goblin (D:1)
  2 jackals (D:1)
4 creatures vanquished.

Notes
Turn   | Place    | Note
-------+----------+-------------------------------------------
     0 | D:1      | siradein the Vampire Fighter began the quest for the Orb.
     0 | D:1      | Reached XP level 1. HP: 17/17 MP: 1/1
    49 | D:1      | Slain by a quokka

Illustrated notes

Levels and vault maps discovered:
D:1:      minmay_arrival_loop, layout_basic, chequers_ecumenical_altar_simple

Action                   || total
-------------------------++-------
Melee: Long sword        ||    17
       Bite              ||     1
Armor: Scale mail        ||    31
Dodge: Dodged            ||    20
Block: Kite shield       ||    21
       Rpst.: Long sword ||     8

Table legend: (Time is in decaauts)
 A = Elapsed time spent in this place.
 B = Non-inter-level travel time spent in this place.
 C = Inter-level travel time spent in this place.
 D = Time resting spent in this place.
 E = Time spent auto-exploring this place.
 F = Levels seen in this place.
 G = Mean time per level.
                   A        B        C        D        E       F      G
               +--------+--------+--------+--------+--------+-----+--------+
         Total |     57 |     57 |      0 |      0 |     16 |   1 |   57.0 |
       Dungeon |     57 |     57 |      0 |      0 |     16 |   1 |   57.0 |
               +--------+--------+--------+--------+--------+-----+--------+

Top non-repeatable levels by time:
     D:1: 57 daAuts
